 Dungeon Crawl Stone Soup version 0.28-a0-1233-g92def6a (webtiles) character file.

Game seed: 6754828350651256361

5 Remcycle the Poker (level 1, 0/16 HPs)
             Began as a Merfolk Gladiator on Dec 23, 2021.
             Frozen to death by an endoplasm (5 damage)
             ... on level 1 of the Dungeon.
             The game lasted 00:00:26 (135 turns).

Remcycle the Poker (Merfolk Gladiator)               Turns: 135, Time: 00:00:27

Health: 0/16       AC:  4    Str: 14    XL:     1   Next: 80%
Magic:  1/1        EV: 13    Int:  7    God:
Gold:   17         SH:  0    Dex: 15    Spells: 0/0 levels left

rFire   . . .      SeeInvis .   a - +0 trident
rCold   . . .      Faith    .   (no shield)
rNeg    . . .      Spirit   .   b - +0 leather armour
rPois   .          Reflect  .   c - +0 helmet
rElec   .          Harm     .   (no cloak)
rCorr   .          Rampage  .   (no gloves)
Will    .....                   (no boots)
Stlth   +.........              (no amulet)
HPRegen 0.05/turn               (no ring)
MPRegen 0.07/turn               (no ring)

@: no status effects
A: (nimble swimmer 2), mertail
a: no special abilities


You were on level 1 of the Dungeon.
You visited 1 branch of the dungeon, and saw 1 of its levels.

You collected 17 gold pieces.

Inventory:

Hand Weapons
 a - a +0 trident (weapon)
Missiles
 d - 3 throwing nets (quivered)
Armour
 b - a +0 leather armour (worn)
 c - a +0 helmet (worn)
Scrolls
 e - a scroll of amnesia {unknown}
 g - a scroll of identify {unknown}
Potions
 f - a potion of haste {unknown}


   Skills:
 - Level 2.1 Fighting
 + Level 5.0 Polearms
 - Level 2.0 Throwing
 - Level 4.0 Dodging


You couldn't memorise any spells.
You didn't know any spells.
Your spell library was empty.

Dungeon Overview and Level Annotations

Branches:
Dungeon (1/15)

Altars:


Innate Abilities, Weirdness & Mutations

((You are very nimble when in or above water. (Stealth+, EV+, Speed+++)))
Your lower body shifts to a powerful aquatic tail in water.


Message History

You closely miss the ball python.
The ball python is moderately wounded.
The ball python bites you but does no damage.
The ball python constricts you.
You closely miss the ball python.
The ball python is moderately wounded.
The ball python closely misses you. The ball python constricts you.
Reach: a) +0 trident
Press: ? - help, Dir - move target, f - ball python
Aim: a ball python (moderately wounded, constricting you, about 43% to evade your +0 trident)
You barely miss the ball python.
The ball python is moderately wounded.
The ball python misses you. The ball python constricts you.
The ball python barely misses you. The ball python constricts you.
Reach: a) +0 trident
Press: ? - help, Dir - move target, f/p - ball python
Aim: a ball python (moderately wounded, constricting you, about 43% to evade your +0 trident)
You hit the ball python.
You kill the ball python!
Reach: a) +0 trident
Press: ? - help, Dir - move target, f - ball python
Aim: a ball python (about 43% to evade your +0 trident)
You hit the ball python but do no damage.
The ball python bites you. The ball python grabs you.
The ball python constricts you. The ball python barely misses you.
The ball python constricts you.
Reach: a) +0 trident
Press: ? - help, Dir - move target, f/p - ball python
Aim: a ball python (constricting you, about 43% to evade your +0 trident)
You puncture the ball python!
You kill the ball python!
Your Polearms skill increases to level 5!
Reach: a) +0 trident
Press: ? - help, Dir - move target, f - endoplasm
Aim: an endoplasm (heavily wounded, about 14% to evade your +0 trident)
You hit the endoplasm.
The endoplasm is severely wounded.
The endoplasm freezes you.
You are frozen.
You die...

#....### . #......#
#......# #......#
#......# #......+
#......# ##J#####
#.###@###############
#>..................+
#.###...........#
###########.# ####.##
#.....# #.##..#
#.##..#
+######.##..##


You could see an endoplasm.

Vanquished Creatures
  2 ball pythons (D:1)
  A giant cockroach (D:1)
  A hobgoblin (D:1)
  A bat (D:1)
5 creatures vanquished.

Notes
Turn   | Place    | Note
-------+----------+-------------------------------------------
     0 | D:1      | Remcycle the Merfolk Gladiator began the quest for the Orb.
     0 | D:1      | Reached XP level 1. HP: 16/16 MP: 1/1
   135 | D:1      | Reached skill level 5 in Polearms
   135 | D:1      | Frozen to death by an endoplasm

Illustrated notes

Levels and vault maps discovered:
D:1:      eino_arrival_water_cross, layout_basic

Skill      XL: |  1 |
---------------+----+-----
Polearms       | 5 |  5.0
Fighting       | |  2.1
Throwing       | |  2.0
Dodging        | |  4.0

Action                   || total
-------------------------++-------
Melee: Trident           ||    18
Armor: Leather armour    ||     4
Dodge: Dodged            ||    10

Table legend: (Time is in decaauts)
 A = Elapsed time spent in this place.
 B = Non-inter-level travel time spent in this place.
 C = Inter-level travel time spent in this place.
 D = Time resting spent in this place.
 E = Time spent auto-exploring this place.
 F = Levels seen in this place.
 G = Mean time per level.
                   A        B        C        D        E       F      G
               +--------+--------+--------+--------+--------+-----+--------+
         Total |    136 |    136 |      0 |      0 |     92 |   1 |  136.0 |
       Dungeon |    136 |    136 |      0 |      0 |     92 |   1 |  136.0 |
               +--------+--------+--------+--------+--------+-----+--------+

Top non-repeatable levels by time:
     D:1: 136 daAuts
